[Event "*** SCC Grand Prix: Titled Tuesday Blitz"]
[Site "Chess.com"]
[Date "2020.07.07"]
[Round "8"]
[White "Bastiandash"]
[Black "realmadridtv"]
[Result "0-1"]
[WhiteElo "2322"]
[BlackElo "2461"]
[TimeControl "180+1"]
[EndTime "11:36:41 PDT"]
[Termination "realmadridtv won on time"]

1. d4 Nf6 2. Nf3 g6 3. c3 Bg7 4. Bg5 O-O 5. Nbd2 d5 6. e3 Bg4 7. Be2 c6 8. h3 Bxf3 9. Bxf3 Nbd7 10. O-O Qb6 11. Qb3 Qxb3 12. Nxb3 e5 13. dxe5 Nxe5 14.
Be2 Ne4 15. Bf4 Nc4 16. Rab1 Ncd2 17. Nxd2 Nxd2 18. Rbd1 Nxf1 19. Bxf1 Rfe8 20. Bc7 a6 21. Bb6 Rac8 22. g3 Be5 23. Kg2 Bc7 24. Bd4 f5 25.
Be2 Kf7 26. c4 Rcd8 27. cxd5 cxd5 28. Rc1 Bb8 29. Rc3 Rc8 30. Bf3 Ke6 31. Rb3 Re7 32. g4 Be5 33. Bb6 Rc2 34. Rd3 Rd7 35. a4 Rxb2 36.
a5 Rc2 37. h4 Bc7 38. gxf5+ gxf5 39. Bd4 Bxa5 40. Rb3 Be1 41. Kg3 Bxf2+ 42. Kf4 Bxh4 43.
Rb6+ Rc6 44. Rb1 Bf6 45. Rh1 Bxd4 46. exd4 Kd6 47. Rh6+ Kc7 48. Rh5 Rf7 49. Ke5 Rc3 50.
Bxd5 Re3+ 0-1

[Event "*** SCC Grand Prix: Titled Tuesday Blitz"]
[Site "Chess.com"]
[Date "2020.07.07"]
[Round "8"]
[White "tamarozi99"]
[Black "tteshan"]
[Result "0-1"]
[WhiteElo "1976"]
[BlackElo "2264"]
[TimeControl "180+1"]
[EndTime "11:36:41 PDT"]
[Termination "tteshan won by resignation"]

1. e4 c6 2. d4 d5 3. e5 c5 4. dxc5 Nc6 5. Nf3 Bg4 6. Bf4 e6 7. Nbd2 Bxc5 8. h3 Bh5 9. Bd3 Nge7 10. O-O Bg6 11. Nb3 Bb6 12. c4 Bxd3 13. Qxd3 O-O 14. cxd5 Qxd5 15. Qxd5 Nxd5 16. Bg3 Rac8 17. a3 Rfd8 18.
Rad1 Nce7 19. Nbd4 a6 20. Bh4 Rd7 21. g4 Nf4 22.
Kh2 Ned5 23. Rd2 Rdc7 24. Rfd1 Rc1 25. Kg3 h6 26. g5 h5 27. Nb3 Ne2+ 28. Rxe2 Rxd1 29.
Rd2 Rxd2 30. Nfxd2 Rc2 31. Kf3 Rxb2 32. Ke4 a5 33. a4 Ra2 34. Nc4 Bc7 35. Nbxa5 Rxa4 36. Kd3 Bxa5 37. Nxa5 Rxh4 38. Nxb7 Rxh3+ 39. Kd4 Rb3 40. Nd6 Rb4+ 41. Kc5 Rg4 42. f4 Rxf4 43. Kc6 h4 44.
Kd7 h3 0-1

[Event "*** SCC Grand Prix: Titled Tuesday Blitz"]
[Site "Chess.com"]
[Date "2020.07.07"]
[Round "8"]
[White "guillejr"]
[Black "ApoIogiA"]
[Result "1-0"]
[WhiteElo "1960"]
[BlackElo "2101"]
[TimeControl "180+1"]
[EndTime "11:36:41 PDT"]
[Termination "guillejr won by resignation"]

1. e4 c5 2. Nf3 d6 3. d4 cxd4 4.
Nxd4 Nf6 5. Nc3 a6 6. Bg5 e6 7. f4 h6 8. Bh4 Be7 9. Qe2 Nbd7 10. O-O-O Qc7 11. g4 b5 12. Bg2 Bb7 13. e5 dxe5 14.
fxe5 Bxg2 15. Qxg2 Nd5 16. Bxe7 Kxe7 17. Nxd5+ exd5 18. Qxd5 Rac8 19. Rhf1 Nxe5 20. Rde1 f6 21. Qe6+ Kf8 22. Rxe5 Qc4 23. Qxc4 Rxc4 24. Rd5 Ke7 25. b3 Rc7 26. Re1+ Kf7 27. Rd6 Rhc8 28. Kb2 a5 29. Re2 b4 30. Rd5 Rc5 31. Rxc5 Rxc5 32. Nf5 h5 33. Re7+ Kf8 34. Re4 hxg4 35. Nd4 f5 36.
Ne6+ Kf7 37. Nxc5 fxe4 38. Nxe4 Ke6 39. c4 bxc3+ 40. Kxc3 Ke5 41. Ng3 g6 42. b4 axb4+ 43. Kxb4 Kf4 44. a4 Kf3 45. a5 Kg2 46. a6 Kxh2 47. a7 Kxg3 48. a8=Q Kh2 49. Qa2+ Kh3 50.
Qb1 g3 51. Qxg6 g2 52. Qh5+ Kg3 53. Qg5+ Kf3 54. Qc1 Kf2 55. Qd2+ Kf1 56. Qd1+ Kf2 57. Qd2+ Kf1 58. Qf4+ Ke2 59. Qg4+ Kf1 60. Qf3+ Kg1 61. Kc4 Kh2 62. Qh5+ Kg3 63. Qg5+ Kf2 64. Qf4+ Ke2 65. Qg3 Kf1 66. Qf3+ Kg1 67. Kd4 Kh2 68. Qf4+ Kh3 69.
Qf2 Kh2 70. Ke3 Kh1 71. Qf3 Kh2 72. Qh5+ Kg3 73. Qg5+ Kh3 74. Kf2 g1=Q+ 75. Qxg1 1-0

[Event "*** SCC Grand Prix: Titled Tuesday Blitz"]
[Site "Chess.com"]
[Date "2020.07.07"]
[Round "8"]
[White "WilliamSchill"]
[Black "TimKett"]
[Result "0-1"]
[WhiteElo "1966"]
[BlackElo "2141"]
[TimeControl "180+1"]
[EndTime "11:36:42 PDT"]
[Termination "TimKett won on time"]

1. e4 e5 2. Nf3 Nc6 3. Nc3 Nf6 4.
Be2 g6 5. d4 exd4 6. Nxd4 d6 7.
Be3 Bg7 8. Qd2 O-O 9. O-O-O d5 10. Nxc6 bxc6 11. e5 Ng4 12. Bxg4 Bxg4 13. f3 Be6 14. f4 Qb8 15. Bc5 Rd8 16. Qe3 a5 17. h3 a4 18.
a3 Bf8 19. g4 Bxc5 20. Qxc5 Qb6 21. Qxb6 cxb6 22. Rdf1 d4 23. Ne4 Bd5 24. Nf6+ Kg7 25. Nxd5 Rxd5 26. h4 Rad8 27. Rh3 d3 28. cxd3 Rxd3 29.
Rxd3 Rxd3 30. f5 Re3 31. e6 fxe6 32. f6+ Kf7 33. Rf4 b5 34. g5 e5 35. Rg4 Re2 36. Rg3 h6 37. Rc3 hxg5 38. hxg5 Rg2 39. Rxc6 Rxg5 40. Rb6 e4 41. Kd2 Rf5 42. Ke3 Rxf6 43. Rxb5 Re6 44. Ra5 Kf6 45. Rxa4 Kf5 46. Ra8 g5 47.
Rf8+ Kg4 48. a4 Ra6 49. Kxe4 Rxa4+ 50. Ke3 Rb4 0-1

[Event "*** SCC Grand Prix: Titled Tuesday Blitz"]
[Site "Chess.com"]
[Date "2020.07.07"]
[Round "8"]
[White "JonahWillow"]
[Black "Msb2"]
[Result "0-1"]
[WhiteElo "2700"]
[BlackElo "2864"]
[TimeControl "180+1"]
[EndTime "11:36:43 PDT"]
[Termination "Msb2 won by resignation"]

1. e4 e6 2. d4 d5 3. Nd2 c5 4. Ngf3 cxd4 5. exd5 Qxd5 6. Bc4 Qd7 7. O-O Nc6 8. Nb3 a6 9. a4 Qc7 10. Qe2 Bd6 11.
Rd1 Nge7 12. Nbxd4 Nxd4 13. Rxd4 Nf5 14. Rd1 Bd7 15.
c3 Bc6 16. Bd3 O-O-O 17. Bg5 f6 18. Bc1 Rhe8 19. h3 g6 20. b4 e5 21. b5 e4 22.
bxc6 Qxc6 23. Nd4 Nxd4 24. cxd4 exd3 25. Qxd3 Kb8 26. Be3 Qd5 27. Rab1 Ka8 28. Rb6 Rd7 29. Rdb1 f5 30. Bd2 Bb8 31. Bc3 Ba7 32. R6b4 Rde7 33.
Qc2 f4 34. Qb2 f3 35. g3 Bb8 36. Qb3 Qd7 37. Kh2 Re2 38. Rf1 Qd6 39. Kg1 Rxf2 40.
Rxf2 Qxg3+ 41. Kf1 Qxh3+ 42. Kg1 Bg3 43. Qc2 Bxf2+ 44.
Qxf2 Re2 45. Rb1 Rxf2 46. Kxf2 Qg2+ 47. Ke3 Qe2+ 48. Kf4 f2 0-1

[Event "*** SCC Grand Prix: Titled Tuesday Blitz"]
[Site "Chess.com"]
[Date "2020.07.07"]
[Round "8"]
[White "Ave_Mariia"]
[Black "nikitakhoroshev"]
[Result "1-0"]
[WhiteElo "2375"]
[BlackElo "2504"]
[TimeControl "180+1"]
[EndTime "11:36:43 PDT"]
[Termination "Ave_Mariia won on time"]

1. c4 Nf6 2. Nc3 c5 3. g3 d5 4. cxd5 Nxd5 5. Bg2 Nc7 6. Nf3 Nc6 7. O-O e5 8. d3 Be7 9. Be3 O-O 10. Rc1 Rb8 11.
Nd2 Bd7 12. f4 exf4 13. Bxf4 b6 14. Nc4 Bg5 15. Qd2 Bxf4 16. gxf4 Nd4 17. e3 Nf5 18.
Ne5 Nh4 19. Bh1 f6 20. Nxd7 Qxd7 21. Qf2 Qg4+ 22. Qg3 h5 23. f5 Rbc8 24. Rf4 Qxg3+ 25. hxg3 g5 26. Rf2 Nxf5 27. Rxf5 Kg7 28. Rcf1 Rcd8 29. Nd5 Nxd5 30. Bxd5 Rde8 31. e4 Re7 32. Kf2 Rh8 33. Ke3 Rh6 34. d4 cxd4+ 35. Kxd4 Rc7 36. Re1 h4 37.
gxh4 gxh4 38. Rg1+ Kh7 39. Bg8+ Kh8 40. Rd5 Rg7 41.
Rxg7 Kxg7 42. Be6 h3 43. Rd7+ Kf8 44. Bxh3 1-0

[Event "*** SCC Grand Prix: Titled Tuesday Blitz"]
[Site "Chess.com"]
[Date "2020.07.07"]
[Round "8"]
[White "KuzubovYuriy"]
[Black "grzechu96"]
[Result "0-1"]
[WhiteElo "2830"]
[BlackElo "2675"]
[TimeControl "180+1"]
[EndTime "11:36:44 PDT"]
[Termination "grzechu96 won by resignation"]

1. d4 d5 2. c4 c6 3. e3 Nf6 4.
Nc3 e6 5. Bd3 dxc4 6. Bxc4 Nbd7 7. Nge2 Be7 8. e4 b5 9. Bb3 b4 10. e5 bxc3 11. exf6 Nxf6 12. Nxc3 Ba6 13. h4 O-O 14. h5 c5 15. Be3 Qa5 16. dxc5 Bxc5 17. Bxc5 Qxc5 18. Qf3 Rad8 19. h6 Qe5+ 20. Qe3 Qxe3+ 21.
fxe3 Rd3 22. Rh3 Ng4 23. hxg7 Kxg7 24. e4 Ne5 25. Bc2 Rxh3 26. gxh3 Rb8 27. O-O-O Nc4 28. b3 Ne5 29. Kb2 Bb7 30. Rg1+ Kf6 31. Nb5 a6 32.
Nd6 Bc6 33. Rf1+ Ke7 34. Rd1 Rd8 35. Nc4 Nxc4+ 36. bxc4 Rxd1 37. Bxd1 Bxe4 38. Kc3 Kd6 39. Kd4 Bc6 40. c5+ Ke7 41. a4 a5 42. Be2 Bxa4 43.
Bf3 Kd7 0-1

[Event "*** SCC Grand Prix: Titled Tuesday Blitz"]
[Site "Chess.com"]
[Date "2020.07.07"]
[Round "8"]
[White "Danfii"]
[Black "IMRosen"]
[Result "0-1"]
[WhiteElo "2346"]
[BlackElo "2538"]
[TimeControl "180+1"]
[EndTime "11:36:44 PDT"]
[Termination "IMRosen won by checkmate"]

1. e4 e5 2. Nf3 Nc6 3. Bc4 Bc5 4. O-O Nf6 5. d3 a6 6. c3 Ba7 7. Nbd2 d6 8. Bb3 O-O 9. h3 h6 10. Re1 Re8 11. Nf1 Be6 12. Ng3 d5 13. exd5 Bxd5 14. Bc2 Qd7 15. b4 Rad8 16. a4 b5 17. Nh4 Be6 18. Qf3 Qd5 19. Qe2 Bb6 20. Nhf5 Bxf5 21. Nxf5 Ne7 22. Nh4 Nd7 23. Be3 Qb7 24. Qg4 Nf6 25. Qe2 Ned5 26. Bxb6 Qxb6 27. Qd2 Qc6 28. Ra3 Nf4 29. axb5 axb5 30. d4 g5 31. Nf3 Nxh3+ 32. Kh2 e4 33. Ng1 Nf4 34. Ne2 Qd6 35.
Kg1 Ng4 36. Ng3 Nf6 37. Nf5 Qc6 38. Nxh6+ Kg7 39. Nf5+ Kf8 40. Ng3 e3 41. fxe3 N4d5 42. e4 Nf4 43. e5 Ng4 44. Be4 Qh6 45. Nf5 Qh2+ 46. Kf1 Qh1# 0-1

[Event "*** SCC Grand Prix: Titled Tuesday Blitz"]
[Site "Chess.com"]
[Date "2020.07.07"]
[Round "8"]
[White "TioCridineno"]
[Black "Konek-Gorbunok"]
[Result "1-0"]
[WhiteElo "2133"]
[BlackElo "2266"]
[TimeControl "180+1"]
[EndTime "11:36:44 PDT"]
[Termination "TioCridineno won on time"]

1. e4 c5 2. Nf3 a6 3. c3 d6 4. d4 cxd4 5. cxd4 Nf6 6. Nc3 g6 7. h3 Bg7 8. Bd3 O-O 9. Be3 b5 10. a3 Bb7 11. O-O Nc6 12. Qd2 Na5 13. Rad1 Re8 14.
Bh6 Bh8 15. Qe2 Rc8 16. Rfe1 Nc4 17. a4 Qa5 18. axb5 axb5 19. e5 Bxf3 20. Qxf3 Nxb2 21. exf6 Nxd1 22. Qxd1 Qxc3 23. Bxb5 Bxf6 24. Bxe8 Rxe8 25. Be3 Rc8 26. Re2 Ra8 27. Re1 h5 28. Rf1 d5 29.
Qf3 Rd8 30. Rd1 Qc2 31. Rd2 Qe4 32. Qg3 Rc8 33. Rd1 Rc4 34. Qb8+ Kg7 35. Qa7 Qc2 36.
Rf1 Ra4 37. Qb7 Qc4 38. Qb6 Rb4 39. Qd8 Rb7 40. Ra1 Bxd4 41. Ra8 Kf6 42. Qh8+ Ke6 43. Qxd4 1-0

[Event "*** SCC Grand Prix: Titled Tuesday Blitz"]
[Site "Chess.com"]
[Date "2020.07.07"]
[Round "8"]
[White "Fandorine"]
[Black "ArjunErigaisi2003"]
[Result "0-1"]
[WhiteElo "2880"]
[BlackElo "3028"]
[TimeControl "180+1"]
[EndTime "11:36:45 PDT"]
[Termination "ArjunErigaisi2003 won on time"]

1. e4 c5 2. Nf3 d6 3. Nc3 a6 4. d4 cxd4 5. Nxd4 Nf6 6. Be3 e5 7. Nf3 Be7 8. Nd2 b5 9. a4 b4 10.
Nd5 Nxd5 11. exd5 O-O 12. Nc4 Nd7 13. a5 f5 14. Be2 f4 15. Bb6 Qe8 16. Qd2 Qg6 17.
O-O-O f3 18. gxf3 Nxb6 19. axb6 Bg5 20. Ne3 a5 21. Kb1 Rb8 22. Bd3 Qh5 23. Qe2 Bxe3 24. fxe3 Qxf3 25. Qd2 Bf5 26. Rhf1 Qg4 27. h3 Qg5 28. Rg1 Qh5 29. e4 Bg6 30. Qe3 Qf3 31. Qg5 Qf6 32. Qg4 Rxb6 33. Rdf1 Qe7 34. Rxf8+ Qxf8 35. h4 Rb7 36. h5 Be8 37. h6 g6 38. Qe6+ Kh8 39. Rf1 Rf7 40. Rg1 Bd7 0-1

[Event "*** SCC Grand Prix: Titled Tuesday Blitz"]
[Site "Chess.com"]
[Date "2020.07.07"]
[Round "8"]
[White "Fusikk"]
[Black "SHIVACalypso"]
[Result "1-0"]
[WhiteElo "2541"]
[BlackElo "2348"]
[TimeControl "180+1"]
[EndTime "11:36:45 PDT"]
[Termination "Fusikk won by resignation"]

1. d4 e6 2. c4 Nf6 3. Nc3 Bb4 4. a3 Bxc3+ 5. bxc3 O-O 6. f3 b6 7. e4 d6 8. Bd3 c5 9. Bg5 e5 10. d5 h6 11. Bh4 Nbd7 12. Ne2 Qc7 13. O-O a6 14. a4 Rb8 15. Ng3 b5 16. axb5 axb5 17. Nf5 b4 18. Qe1 bxc3 19. Qg3 Nh5 20. Qg4 Ndf6 21. Bxf6 Bxf5 22. Qxh5 Bg6 23. Qh4 gxf6 24. f4 exf4 25. Rxf4 Kg7 26. Qxf6+ Kh7 27. Qxc3 Qe7 28. Raf1 Qg5 29. e5 dxe5 30. Rxf7+ Rxf7 31. Rxf7+ Kg8 32. Bxg6 Qxg6 33. Rf1 Qe4 34. Qg3+ Kh8 35. Qh3 Rb1 36. Qxh6+ Kg8 37. Qf8+ Kh7 38. h3 Qe3+ 39. Kh2 Rxf1 40. Qxf1 Qd4 41. Qf7+ Kh6 42. Qf6+ Kh7 43. d6 Kg8 44.
Qg6+ Kh8 45. Qh6+ Kg8 46. Qg6+ Kh8 47. Qh5+ Kg8 48. Qg4+ Kh8 49. Qxd4 cxd4 50. d7 1-0

[Event "*** SCC Grand Prix: Titled Tuesday Blitz"]
[Site "Chess.com"]
[Date "2020.07.07"]
[Round "8"]
[White "Twitch_ElhamBlitz05"]
[Black "bgfbfbgfbgfgf"]
[Result "0-1"]
[WhiteElo "2795"]
[BlackElo "2656"]
[TimeControl "180+1"]
[EndTime "11:36:46 PDT"]
[Termination "bgfbfbgfbgfgf won on time"]

1. e4 e5 2. Nc3 Nc6 3. Bc4 Nf6 4. d3 Na5 5. Qf3 Nxc4 6. dxc4 Bb4 7. Ne2 h6 8. h3 d6 9. Be3 b6 10. a3 Bxc3+ 11.
Nxc3 Bb7 12. O-O-O Qe7 13. g4 Qe6 14. Nd5 Nxd5 15. cxd5 Qe7 16. Kb1 O-O-O 17. h4 Kb8 18. g5 h5 19. g6 f6 20. Qe2 c6 21. dxc6 Bxc6 22. f3 Kb7 23. c4 Qe6 24. Rd2 f5 25. Rg1 fxe4 26. fxe4 Bxe4+ 27. Ka1 Bc6 28. b3 d5 29.
Rgd1 Qd6 30. cxd5 Bd7 31. Qd3 Rhf8 32. Kb2 Rc8 33. Bg5 Bf5 34. Qe3 Bxg6 35. Re1 Rfe8 36. Rf2 Rc7 37. Ree2 Rec8 38. Rd2 Rc1 39. b4 Rb1+ 40.
Ka2 Rcc1 41. Rb2 Qxd5+ 42. Rb3 Ra1+ 43. Kb2 Rcb1+ 44. Kc3 Qxb3+ 0-1

[Event "*** SCC Grand Prix: Titled Tuesday Blitz"]
[Site "Chess.com"]
[Date "2020.07.07"]
[Round "8"]
[White "ammarzooqi"]
[Black "PowerThinking2650"]
[Result "0-1"]
[WhiteElo "2178"]
[BlackElo "2315"]
[TimeControl "180+1"]
[EndTime "11:36:46 PDT"]
[Termination "PowerThinking2650 won by checkmate"]

1. e4 e5 2. Nf3 Nc6 3. Bc4 Nf6 4. d3 h6 5. c3 d6 6. O-O g6 7. Nbd2 Bg7 8. Re1 O-O 9. Nf1 d5 10.
exd5 Nxd5 11. Ne3 Nf4 12. Bb5 a6 13. Bxc6 bxc6 14. d4 e4 15. Ne5 Qg5 16. g3 Nh3+ 17. Kg2 Bxe5 18. dxe5 Nf4+ 19. Kg1 Nd3 20. Ng2 Qf5 21. Re2 Nxe5 22. Bxh6 Nf3+ 23. Kf1 Nxh2+ 24.
Kg1 Nf3+ 25. Kf1 Qh3 26. Rxe4 Qh1+ 27. Ke2 Qxg2 28. Bxf8 Ng5 29. Rf4 Bf5 30. Bh6 Re8+ 31. Kd2 Ne4+ 32. Rxe4 Qxe4 33. Be3 Rd8+ 34. Ke1 Rxd1+ 35.
Rxd1 Qh1+ 36. Ke2 Qe4 37. Rd4 Bg4+ 38. Kd2 Qb1 39. Bh6 Qd1+ 40. Ke3 Qf3+ 41. Kd2 Qd1+ 42. Ke3 Qe2+ 43. Kf4 Kh7 44. Bg5 Qf3+ 45. Ke5 Qf5# 0-1

[Event "*** SCC Grand Prix: Titled Tuesday Blitz"]
[Site "Chess.com"]
[Date "2020.07.07"]
[Round "8"]
[White "deep306"]
[Black "2nd_life"]
[Result "1/2-1/2"]
[WhiteElo "2655"]
[BlackElo "2496"]
[TimeControl "180+1"]
[EndTime "11:36:47 PDT"]
[Termination "Game drawn by repetition"]

1. e4 e5 2. Nf3 Nc6 3. Bc4 Bc5 4. c3 Nf6 5. d4 exd4 6. e5 d5 7. Bb5 Ne4 8. cxd4 Bb6 9. Nc3 O-O 10. Be3 Bg4 11. h3 Bxf3 12. gxf3 Nxc3 13. bxc3 Ne7 14. Bd3 Qd7 15. Qc2 g6 16. h4 Rac8 17. h5 c5 18. Qd2 cxd4 19. cxd4 Nc6 20. Qb2 Ba5+ 21. Ke2 Nb4 22. Rad1 Nxd3 23. Rxd3 Qa4 24. Rc1 Rxc1 25.
Bxc1 Rc8 26. Ke3 Rc2 27. Qb1 Qc6 28. Ba3 b5 29. Bc5 Rc4 30. h6 a6 31. Qg1 Bd8 32.
Qg4 Qe6 33. Qxe6 fxe6 34. f4 b4 35. a3 a5 36. axb4 axb4 37. Rb3 Ba5 38. Rb1 Rc3+ 39. Ke2 Rc2+ 40. Ke3 Rc3+ 41. Ke2 Rc2+ 42. Ke3 Rc3+ 1/2-1/2

[Event "*** SCC Grand Prix: Titled Tuesday Blitz"]
[Site "Chess.com"]
[Date "2020.07.07"]
[Round "8"]
[White "Grieve72"]
[Black "profofchess"]
[Result "1-0"]
[WhiteElo "2249"]
[BlackElo "2437"]
[TimeControl "180+1"]
[EndTime "11:36:47 PDT"]
[Termination "Grieve72 won on time"]

1. e4 e6 2. d4 d5 3. Nd2 Nf6 4.
e5 Nfd7 5. Bd3 c5 6. c3 Nc6 7. Ne2 cxd4 8. cxd4 f6 9. exf6 Nxf6 10. Nf3 Bd6 11. O-O Qc7 12. h3 O-O 13. Be3 Bd7 14. Re1 Rae8 15. Rc1 Re7 16. Nc3 a6 17. Na4 Be8 18.
Ne5 Bxe5 19. dxe5 Qxe5 20. Bc5 Qf4 21. Bxe7 Nxe7 22. Rxe6 Nh5 23. Rxe7 Qxf2+ 24. Kh1 Ng3+ 25. Kh2 Bxa4 26. Qg4 Nh5 27. Bxh7+ Kxh7 28. Qxh5+ Kg8 29. Qg4 Qf4+ 30. Qxf4 Rxf4 31. Rcc7 Bc6 32. Rxg7+ Kf8 33. Rh7 Kg8 34. Kg3 Rb4 35. b3 Rd4 36. h4 Rd3+ 37.
Kg4 Rd2 38. g3 Rd4+ 39. Kg5 Rd3 40. g4 Rg3 41. Rhg7+ Kf8 42. h5 Rg1 43. h6 d4 44.
Rcf7+ Ke8 45. Re7+ Kf8 46. Ref7+ Ke8 47. h7 1-0

[Event "*** SCC Grand Prix: Titled Tuesday Blitz"]
[Site "Chess.com"]
[Date "2020.07.07"]
[Round "8"]
[White "SARGISMV"]
[Black "Chess_Boxer123"]
[Result "1-0"]
[WhiteElo "2499"]
[BlackElo "2640"]
[TimeControl "180+1"]
[EndTime "11:36:48 PDT"]
[Termination "SARGISMV won by checkmate"]

1. c4 c6 2. Nc3 d5 3. e3 Nf6 4. Nf3 e6 5. b3 Bd6 6. Bb2 O-O 7. Qc2 e5 8. cxd5 cxd5 9. Nb5 Nc6 10. Nxd6 Qxd6 11.
Be2 Bg4 12. h3 Bxf3 13. Bxf3 Nb4 14. Qb1 Rac8 15. Bc3 d4 16. Bxb4 Qxb4 17. O-O e4 18. Bxe4 dxe3 19. Bf5 e2 20. Re1 Rce8 21. Qc2 Qd4 22.
Qd3 Qe5 23. Rac1 Re7 24. Qf3 Qb2 25. Rc2 Qd4 26. Rxe2 Rxe2 27. Qxe2 Re8 28. Qf1 g6 29. Bd3 a6 30. Be2 Nd5 31. Bf3 Nf4 32. Bxb7 Nd3 33. Rc8 Rxc8 34. Bxc8 Nc5 35. Bxa6 Qxd2 36. Bc4 Qxa2 37. b4 Qa7 38. b5 Qb6 39. Qd1 Ne4 40. Qd5 Qxf2+ 41. Kh2 Qf4+ 42. Kh1 Ng3+ 43. Kg1 Nf5 44.
Qxf7+ Kh8 45. Qf6+ Ng7 46. Qxf4 h6 47. Qf8+ Kh7 48.
Qg8# 1-0

[Event "*** SCC Grand Prix: Titled Tuesday Blitz"]
[Site "Chess.com"]
[Date "2020.07.07"]
[Round "8"]
[White "Tenamu"]
[Black "Supernotar"]
[Result "0-1"]
[WhiteElo "2368"]
[BlackElo "2776"]
[TimeControl "180+1"]
[EndTime "11:36:49 PDT"]
[Termination "Supernotar won by resignation"]

1. d4 d5 2. Nc3 Nf6 3. Bf4 a6 4. Nf3 e6 5. Ne5 c5 6. e3 Nc6 7. Be2 Bd6 8. O-O Bxe5 9. Bxe5 Nxe5 10. dxe5 Nd7 11. f4 f6 12. Bd3 f5 13. Nxd5 exd5 14. Bxf5 g6 15. Bg4 Nb6 16. f5 O-O 17. fxg6 Rxf1+ 18.
Kxf1 hxg6 19. Bf3 Be6 20. Qe1 Qg5 21. Qa5 Nc4 22. Qxc5 Nd2+ 23. Kf2 Nxf3 24. gxf3 Qxe5 25. Rg1 Qxh2+ 26. Rg2 Qh4+ 27. Ke2 Bf7 28. Qd6 Re8 29. Rg4 Qe7 30. Qf4 Qe5 31. Qh6 Qg7 32. Qf4 Qxb2 33. Kf1 Qc1+ 34. Kf2 Qxc2+ 35. Kg3 Qc3 36. Qh6 Qg7 37.
Qh1 Qe5+ 38. Kg2 Qxe3 39. Rh4 Qe2+ 40. Kg3 Qe1+ 41. Qxe1 Rxe1 42. Kf4 Kg7 43. Rh2 Re7 44. Rc2 d4 45. Rc5 Rd7 46. a3 d3 47. Rc1 d2 48.
Rd1 Bb3 0-1

[Event "*** SCC Grand Prix: Titled Tuesday Blitz"]
[Site "Chess.com"]
[Date "2020.07.07"]
[Round "8"]
[White "krzyzan94"]
[Black "Orest_Vovk"]
[Result "1-0"]
[WhiteElo "2674"]
[BlackElo "2533"]
[TimeControl "180+1"]
[EndTime "11:36:50 PDT"]
[Termination "krzyzan94 won on time"]

1. e4 g5 2. d4 g4 3. Qxg4 d5 4.
Qe2 dxe4 5. Qxe4 Nf6 6. Qd3 Nc6 7. Nf3 Bg4 8. Be3 Qd5 9. Nc3 Qh5 10. Be2 O-O-O 11.
O-O-O Qa5 12. h3 Bf5 13. Qb5 Qxb5 14. Bxb5 Nb4 15. Ba4 Nfd5 16. Nxd5 Nxd5 17. Bd2 Rg8 18. Nh4 Be6 19. Bb3 Bg7 20. c4 Nb6 21. d5 Bd7 22.
Rhe1 Bf6 23. g3 Bxh3 24. Bb4 e6 25. d6 cxd6 26. Bxd6 Bxh4 27. gxh4 Rg4 28. c5 Nd7 29.
Bc2 Rxh4 30. Be7 Rh5 31. Bxd8 Kxd8 32. Rh1 Kc7 33. b4 Bg4 34. Rxh5 Bxh5 35. Rh1 Bg6 36. Bxg6 hxg6 37. Rh7 f6 38. Re7 e5 39. Kd2 Kc6 40. Kc3 a6 41. Re6+ Kc7 42. Kc4 g5 43. a4 g4 44. Re7 f5 45. b5 axb5+ 46. axb5 f4 47.
b6+ Kd8 48. Rg7 g3 49. fxg3 fxg3 50. Kd5 1-0

[Event "*** SCC Grand Prix: Titled Tuesday Blitz"]
[Site "Chess.com"]
[Date "2020.07.07"]
[Round "8"]
[White "vanImpe"]
[Black "Roza_Idrisova"]
[Result "1/2-1/2"]
[WhiteElo "2449"]
[BlackElo "2242"]
[TimeControl "180+1"]
[EndTime "11:36:50 PDT"]
[Termination "Game drawn - insufficient material"]

1. g3 d5 2. Bg2 Nf6 3. c4 c6 4. Nf3 Bf5 5. cxd5 cxd5 6. Qb3 Qb6 7. Nc3 e6 8. d3 Nbd7 9. O-O Be7 10. Be3 Qxb3 11.
axb3 O-O 12. Bxa7 Bc5 13. Nb5 Bxa7 14. Rxa7 Rxa7 15. Nxa7 Ra8 16. Nb5 Ra2 17. Rb1 b6 18.
Nc3 Ra8 19. b4 h6 20. Nd4 Bg6 21. e4 dxe4 22. dxe4 Rd8 23. Nc6 Re8 24. e5 Ng4 25. f4 Bxb1 26. Nxb1 Ne3 27. Be4 Nd5 28. Nc3 Ne7 29.
Kf2 Kf8 30. Ke3 Nxc6 31. Bxc6 Rd8 32. Ne4 Ke7 33. Nd6 f6 34. Nc4 fxe5 35. fxe5 Rb8 36. Kd4 b5 37. Nd6 Rb6 38. Bxd7 Kxd7 39. Kc5 Rc6+ 40.
Kxb5 Rc2 41. b3 Rxh2 42. Kc5 g5 43. b5 Rc2+ 44. Kd4 h5 45. Ne4 h4 46. Nxg5 hxg3 47. Ke3 g2 48. Nf3 Rb2 49. Ng1 Rxb3+ 50. Kf2 Rb2+ 51. Kg3 Kc7 52. Nh3 Kb6 53. Kh2 Kxb5 54.
Nf4 Kc5 55. Nxe6+ Kd5 56. Nf4+ Kxe5 57. Nxg2 Ke4 58. Kg3 Rb3+ 59. Kg4 Rb8 60. Nh4 Rg8+ 61. Kh5 Kf4 62. Ng6+ Ke4 63. Kg5 Rxg6+ 64. Kxg6 1/2-1/2

[Event "*** SCC Grand Prix: Titled Tuesday Blitz"]
[Site "Chess.com"]
[Date "2020.07.07"]
[Round "8"]
[White "gross-aleks"]
[Black "Fluffey"]
[Result "1-0"]
[WhiteElo "2613"]
[BlackElo "2454"]
[TimeControl "180+1"]
[EndTime "11:36:51 PDT"]
[Termination "gross-aleks won by checkmate"]

1. c4 e5 2. g3 Nc6 3. Bg2 f5 4. Nc3 Nf6 5. d3 d6 6. e4 Be7 7. Nge2 O-O 8. O-O Be6 9. Nd5 Qd7 10. Nxe7+ Nxe7 11. exf5 Bxf5 12. Bxb7 Bh3 13. Bg2 Ng6 14.
Nc3 Bxg2 15. Kxg2 Ng4 16. h3 Nxf2 17. Rxf2 Rxf2+ 18. Kxf2 Qxh3 19. Qg1 Rf8+ 20. Ke2 Qg4+ 21.
Kd2 Nh4 22. Kc2 Nf3 23. Qe3 Nd4+ 24. Kb1 Rf3 25. Qe4 Qxg3 26. Ne2 Nxe2 27. Qxe2 Rxd3 28.
a4 Qf3 29. Qc2 h5 30. Ka2 h4 31. Bg5 h3 32. Rg1 Qe4 33. b3 Rd4 34. Qh2 Rd3 35. Bh6 g6 36. Rf1 Rf3 37. Rxf3 Qxf3 38. a5 Kh7 39.
Bd2 e4 40. Be1 e3 41. Ka3 Qg2 42. Qf4 e2 43. Qh4+ Kg7 44. Bc3+ Kf7 45. Qf6+ Ke8 46. Qe6+ Kd8 47. Bf6# 1-0

[Event "*** SCC Grand Prix: Titled Tuesday Blitz"]
[Site "Chess.com"]
[Date "2020.07.07"]
[Round "8"]
[White "DishonorOnYourCow"]
[Black "albi1999"]
[Result "0-1"]
[WhiteElo "2338"]
[BlackElo "2484"]
[TimeControl "180+1"]
[EndTime "11:36:51 PDT"]
[Termination "albi1999 won on time"]

1. d4 d5 2. c4 e6 3. Nc3 Nf6 4. cxd5 Nxd5 5. e4 Nxc3 6. bxc3 c5 7. Rb1 Be7 8. Nf3 O-O 9. Be2 b6 10. O-O Bb7 11. Qd3 Nd7 12. Be3 Nf6 13. Nd2 Rc8 14.
f3 Qd7 15. Rbc1 Rfd8 16. Nc4 Qa4 17. Qb1 h6 18. Qb3 Qe8 19. a4 Bc6 20. a5 b5 21.
Ne5 c4 22. Qb1 Ba8 23. Ng4 Nxg4 24. fxg4 a6 25. e5 Qc6 26. Bf3 Qc7 27. Bxa8 Rxa8 28. Qe4 Qxa5 29. Rf3 Rf8 30. Rcf1 Qd8 31. Rh3 Qd5 32.
Qc2 f6 33. Qg6 fxe5 34. Rxf8+ Rxf8 35. Rxh6 Rf6 36. Qe8+ Bf8 37. Rxf6 gxf6 38. Bh6 Qd6 39. Qg6+ Kh8 40. Qxf6+ Kg8 41. Qg6+ Kh8 42. Bxf8 Qxf8 43.
Qh5+ Kg8 44. Qxe5 Qf7 45. Qb8+ Kh7 46. Qd6 Qg6 47. Qxa6 Qb1+ 48. Kf2 Qb2+ 49. Kf1 Qc1+ 50. Kf2 Qd2+ 51. Kf1 Qxc3 52. Qxb5 Qd3+ 53. Kf2 Qxd4+ 54. Kf1 c3 55. Qb7+ Kg6 56. Qc7 Qd1+ 57. Kf2 Qd2+ 0-1

[Event "*** SCC Grand Prix: Titled Tuesday Blitz"]
[Site "Chess.com"]
[Date "2020.07.07"]
[Round "8"]
[White "Eltaj_Safarli"]
[Black "FabianoCaruana"]
[Result "0-1"]
[WhiteElo "2934"]
[BlackElo "3002"]
[TimeControl "180+1"]
[EndTime "11:36:52 PDT"]
[Termination "FabianoCaruana won on time"]

1. e4 e5 2. Nf3 Nc6 3. Nc3 Nf6 4. a3 Be7 5. d4 exd4 6. Nxd4 O-O 7. Nxc6 bxc6 8. e5 Ne8 9. Bd3 f6 10. exf6 Nxf6 11.
O-O d5 12. Bg5 Ng4 13. Bxe7 Qxe7 14. h3 Ne5 15. Qh5 Nxd3 16. cxd3 Bf5 17. d4 Qf6 18. Rad1 Rae8 19. Rd2 Re6 20. Nd1 Re4 21. Ne3 Bd7 22.
Qd1 Qg5 23. Kh2 Rf6 24. Nc2 Rg6 25. Rg1 Rh4 26. Rd3 Qf4+ 27. Kh1 Bf5 28. Rf3 Be4 29. Ne1 Bxf3 30. Nxf3 Rh5 31. Qe2 Qe4 32. Qxe4 dxe4 33. Nd2 Rd5 34. Nxe4 Rxd4 35. Re1 Re6 36. f3 Rd2 37. b4 Ra2 38. Rd1 h6 39. Kh2 Rg6 40. Ng3 Rxa3 41. Rd7 Rb3 42. Rxc7 Rxb4 43. Rxa7 c5 44. Rc7 Rc4 45. Nf5 Kh7 46. h4 Rc2 47. Ne3 Re2 0-1